 Dungeon Crawl Stone Soup version 0.30-a0-630-g881e3bac89 (webtiles) character file.

Game seed: 13320129188588196439

48 Rrauwl the Slasher (level 3, -4/26 HPs)
             Began as a Gnoll Wanderer on Jan 13, 2023.
             Splashed by a jelly's acid (8 damage)
             ... on level 2 of the Dungeon.
             The game lasted 00:03:25 (1021 turns).

Rrauwl the Slasher (Gnoll Wanderer)                 Turns: 1021, Time: 00:03:26

Health: -4/26      AC:  2    Str: 14    XL:     3   Next: 72%
Magic:  7/7        EV:  9    Int:  9    God:
Gold:   66         SH:  0    Dex: 12    Spells: 7/7 levels left

rFire   + . .      SeeInvis .    h - +2 rapier (venom)
rCold   . . .      Faith    .    (no shield)
rNeg    . . .      Spirit   .    c - +0 scale mail
rPois   .          Reflect  .    (no helmet)
rElec   .          Harm     .    (no cloak)
rCorr   .          Rampage  .    (no gloves)
Will    .....                    (no boots) Stlth
                                 (no amulet)
HPRegen 0.24/turn                g - ring of protection from fire
MPRegen 0.10/turn                (no ring)

@: corroded
A: fangs 1, strong nose, distributed training
a: no special abilities


You were on level 2 of the Dungeon.
You visited 1 branch of the dungeon, and saw 2 of its levels.

You collected 66 gold pieces.

Inventory:

Hand Weapons
 h - a +2 rapier of venom (weapon)
Missiles
 b - 8 boomerangs (quivered)
Armour
 c - a +0 scale mail (worn)
Jewellery
 g - a ring of protection from fire (left hand)
Scrolls
 a - a scroll of amnesia
 d - a scroll of fog
 f - a scroll of vulnerability {unknown}


   Skills:
 + Level 1.0 Fighting
 + Level 1.0 Short Blades
 + Level 6.5 Long Blades
 + Level 1.0 Axes
 + Level 1.0 Maces & Flails
 + Level 1.0 Polearms
 + Level 1.0 Staves
 + Level 1.0 Ranged Weapons
 + Level 2.6 Throwing
 + Level 1.0 Armour
 + Level 2.6 Dodging
 + Level 1.0 Stealth
 + Level 1.0 Shields
 + Level 1.0 Unarmed Combat
 + Level 2.9 Spellcasting
 + Level 0.7 Conjurations
 + Level 5.4 Hexes
 + Level 0.7 Summonings
 + Level 0.7 Necromancy
 + Level 0.7 Translocations
 + Level 0.7 Transmutations
 + Level 0.7 Fire Magic
 + Level 0.7 Ice Magic
 + Level 0.7 Air Magic
 + Level 0.7 Earth Magic
 + Level 0.7 Poison Magic
 + Level 1.0 Invocations
 + Level 2.6 Evocations


You had 7 spell levels left.
You didn't know any spells.
Your spell library contained the following spells:

 Spells                   Type           Power      Damage    Failure   Level
 Slow                     Hex            44%        N/A       14%         1
 Magic Dart               Conj           8%         1d3       69%         1
 Inner Flame              Hex/Fire       6%         N/A       75%         3
 Portal Projectile        Hex/Tloc       12%        N/A       75%         3
 Cause Fear               Hex            5%         N/A       80%         4
 Call Imp                 Summ           2%         N/A       83%         2
 Sublimation of Blood     Necr           2%         N/A       83%         2
 Wereblood                Tmut           2%         N/A       83%         2
 Mephitic Cloud           Conj/Pois/Air  2%         N/A       96%         3
 Summon Hydra             Summ           1%         N/A       100%        7
 Discord                  Hex            5%         N/A       100%        8


Dungeon Overview and Level Annotations

Branches:
Dungeon (2/15)

Altars:


Innate Abilities, Weirdness & Mutations

You have very sharp teeth.
Your uncanny sense of smell can sniff out nearby items.
Your experience applies equally to all skills.


Message History

The endoplasm quivers. x5; The jelly quivers.
The endoplasm quivers.
The endoplasm hits the fungus.
The fungus begins to die.
The endoplasm freezes you.
You are frozen.
There is an open door here.
You hit the endoplasm.
The endoplasm is poisoned.
The endoplasm is severely wounded.
The endoplasm hits you but does no damage.
The endoplasm hits the fungus.
The fungus begins to die.
The endoplasm closely misses you.
You hit the endoplasm.
You kill the endoplasm!
The endoplasm hits you but does no damage.
Your Fighting skill increases to level 1!
Your Short Blades skill increases to level 1!
Your Axes skill increases to level 1!
Your Maces & Flails skill increases to level 1!
Your Polearms skill increases to level 1!
Your Staves skill increases to level 1!
Your Ranged Weapons skill increases to level 1!
Your Armour skill increases to level 1!
Your Stealth skill increases to level 1!
Your Shields skill increases to level 1!
Your Unarmed Combat skill increases to level 1!
You hit the endoplasm.
You kill the endoplasm!
The jelly attacks as you move away! The jelly hits you but does no damage.
You puncture the endoplasm!
You kill the endoplasm!
You puncture the jelly! The acid corrodes you!
Your hands burn!
The jelly is heavily wounded.
The jelly barely misses you.
You hit the jelly.
Your hands burn!
You bite the jelly, but do no damage.
The jelly is almost dead.
The jelly hits you.
You are splashed with acid.
* * * LOW HITPOINT WARNING * * *
The jelly hits you.
* * * LOW HITPOINT WARNING * * *
You are splashed with acid!
You die...

#...#......#
#.#.########### ###)#
#######.##.....)#
#.))###....#.#.#P÷..P.#
#.#.##...).#.#.#.J.÷..#
#...'......#'#)#P.PP..#
#...'........#.#JJ...÷#
#.#.'........#.#PJPJ÷÷#
#.#.##.......#@#......#
#.#####[.....##JJ..PPP#
#. ##########.÷....# #.
####### ..


You could see a jelly and an endoplasm.

Vanquished Creatures
  An adder (D:2)
  A bat (D:1)
  5 endoplasms
  3 giant cockroaches (D:1)
  3 goblins (D:1)
  4 hobgoblins (D:1)
  11 kobolds
  2 ball pythons
  3 rats
33 creatures vanquished.

Vanquished Creatures (others)
  3 fungi (D:2)
  6 toadstools (D:2)
9 creatures vanquished.

Grand Total: 42 creatures vanquished

Notes
Turn   | Place    | Note
-------+----------+-------------------------------------------
     0 | D:1      | Rrauwl the Gnoll Wanderer began the quest for the Orb.
     0 | D:1      | Rrauwl set off with the following items: a +0 long sword, 8
                  | boomerangs, a +0 dagger, a scroll of fog, a +0 leather
                  | armour; and the following spell memorised: Slow; and the
                  | following spells available to memorise: Portal Projectile.
     0 | D:1      | Reached XP level 1. HP: 13/13 MP: 4/4
    59 | D:1      | Reached XP level 2. HP: 16/19 MP: 5/5
   455 | D:1      | Reached XP level 3. HP: 25/25 MP: 7/7
   719 | D:2      | Found a faded altar of an unknown god.
   733 | D:2      | Reached skill level 1 in Invocations
  1017 | D:2      | Reached skill level 1 in Fighting
  1017 | D:2      | Reached skill level 1 in Short Blades
  1017 | D:2      | Reached skill level 1 in Axes
  1017 | D:2      | Reached skill level 1 in Maces & Flails
  1017 | D:2      | Reached skill level 1 in Polearms
  1017 | D:2      | Reached skill level 1 in Staves
  1017 | D:2      | Reached skill level 1 in Ranged Weapons
  1017 | D:2      | Reached skill level 1 in Armour
  1017 | D:2      | Reached skill level 1 in Stealth
  1017 | D:2      | Reached skill level 1 in Shields
  1017 | D:2      | Reached skill level 1 in Unarmed Combat
  1021 | D:2      | Splashed by a jelly's acid

Illustrated notes

Levels and vault maps discovered:
D:1:      heliophobic_arrival_battle_scene, layout_loops_ring
D:2:      cheibrodos_fertilizer, layout_basic, serial_shops, shop,
          dreamdust_ecumenical_altar_hidden_monk_grotto, st_stairs_8

Skill      XL: |  1  2  3 |
---------------+----------+-----
Invocations    | 1 |  1.0
Fighting       | 1 |  1.0
Short Blades   | 1 |  1.0
Axes           | 1 |  1.0
Maces & Flails | 1 |  1.0
Polearms       | 1 |  1.0
Staves         | 1 |  1.0
Ranged Weapons | 1 |  1.0
Armour         | 1 |  1.0
Stealth        | 1 |  1.0
Shields        | 1 |  1.0
Unarmed Combat | 1 |  1.0
Long Blades    | |  6.5
Throwing       | |  2.6
Dodging        | |  2.6
Spellcasting   | |  2.9
Conjurations   | |  0.7
Hexes          | |  5.4
Summonings     | |  0.7
Necromancy     | |  0.7
Translocations | |  0.7
Transmutations | |  0.7
Fire Magic     | |  0.7
Ice Magic      | |  0.7
Air Magic      | |  0.7
Earth Magic    | |  0.7
Poison Magic   | |  0.7
Evocations     | |  2.6

Action                   || total
-------------------------++-------
Melee: Long sword        ||    44
       Bite              ||     7
       Rapier            ||    62
  Use: Potion            ||     2
       Scroll            ||     2
Armor: Leather armour    ||     6
       Scale mail        ||    54
Dodge: Dodged            ||    46

Table legend: (Time is in decaauts)
 A = Elapsed time spent in this place.
 B = Non-inter-level travel time spent in this place.
 C = Inter-level travel time spent in this place.
 D = Time resting spent in this place.
 E = Time spent auto-exploring this place.
 F = Levels seen in this place.
 G = Mean time per level.
                   A        B        C        D        E       F      G
               +--------+--------+--------+--------+--------+-----+--------+
         Total |   1034 |   1012 |     22 |      0 |    777 |   2 |  517.0 |
       Dungeon |   1034 |   1012 |     22 |      0 |    777 |   2 |  517.0 |
               +--------+--------+--------+--------+--------+-----+--------+

Top non-repeatable levels by time:
     D:1: 686 daAuts
     D:2: 347 daAuts
